 Dungeon Crawl Stone Soup version 0.29-a0-323-g050149af67 (webtiles) character file.

Game seed: 9288431582927928772

63 Ajdolov the Digger (level 3, 0/26 HPs)
             Began as a Draconian Earth Elementalist on Apr 10, 2022.
             Succumbed to an orc's poison
             ... on level 2 of the Dungeon.
             The game lasted 00:01:43 (1809 turns).

Ajdolov the Digger (Draconian Earth Elementalist)   Turns: 1809, Time: 00:01:44

Health: 0/26       AC:  5    Str: 10    XL:     3   Next: 87%
Magic:  6/6        EV: 12    Int: 17    God:
Gold:   88         SH:  0    Dex: 17    Spells: 2/6 levels left

rFire   . . .      SeeInvis +   d - +3 rapier
rCold   . . .      Faith    .   (no shield)
rNeg    . . .      Spirit   .   (body armour unavailable)
rPois   .          Reflect  .   (helmet restricted)
rElec   .          Harm     .   (no cloak)
rCorr   .          Rampage  .   (no gloves)
Will    .....                   (no boots)
Stlth   ++........              (no amulet)
HPRegen 0.08/turn               h - +6 ring of dexterity
MPRegen 0.10/turn               l - ring of see invisible

@: lethally poisoned (0 -> -18)
A: AC +5, unfitting armour, cold-blooded
a: no special abilities


You were on level 2 of the Dungeon.
You visited 1 branch of the dungeon, and saw 3 of its levels.

You collected 88 gold pieces.

Inventory:

Hand Weapons
 d - a +3 rapier (weapon)
Missiles
 a - 64 stones
Magical Staves
 i - a staff of death
Jewellery
 h - a +6 ring of dexterity (left hand)
 l - a ring of see invisible (right hand)
Scrolls
 e - 3 scrolls of identify {unknown}
 f - 2 scrolls of silence {unknown}
 j - a scroll of enchant armour {unknown}
 k - a scroll of torment {unknown}
 m - a scroll of blinking {unknown}
Potions
 b - a potion of magic
 c - a potion of resistance {unknown}
 g - a potion of attraction {unknown}


   Skills:
 - Level 1.7 Dodging
 - Level 1.7 Stealth
 - Level 2.0 Spellcasting
 - Level 1.0 Transmutations
 * Level 4.8 Earth Magic


You had 2 spell levels left.
You knew the following spells:

 Your Spells              Type           Power      Damage    Failure   Level
a - Sandblast             Erth           36%        2d10      2%          1
b - Stone Arrow           Conj/Erth      18%        3d8       22%         3

Your spell library contained the following spells:

 Spells                   Type           Power      Damage    Failure   Level
 Passwall                 Tmut/Erth      9%         N/A       9%          2
 Animate Skeleton         Necr           2%         N/A       19%         1
 Pain                     Necr           4%         1d4       19%         1
 Summon Small Mammal      Summ           4%         N/A       19%         1
 Call Canine Familiar     Summ           1%         N/A       50%         3
 Summon Guardian Golem    Hex/Summ       1%         N/A       50%         3
 Vampiric Draining        Necr           1%         2d6       50%         3
 Petrify                  Tmut/Erth      11%        N/A       50%         4
 Lehudib's Crystal Spear  Conj/Erth      4%         10d3      100%        8
 Animate Armour           Summ/Erth      Unusable   N/A       N/A         4

Dungeon Overview and Level Annotations

Branches:
Dungeon (3/15)

Altars:


Innate Abilities, Weirdness & Mutations

Your plain brown scales are hard. (AC +5)
You cannot fit into any form of body armour.
You are cold-blooded and may be slowed by cold attacks.


Message History

You closely miss the orc. The orc hits you with a +0 mace.
The orc barely misses you.
You barely miss the orc. The orc closely misses you.
The orc hits you with a +0 whip.
You puncture the orc!
You kill the orc!
A ball python comes into view.
The orc closely misses you.
You puncture the orc!
You kill the orc!
The orc barely misses you.
You hit the orc.
The orc is severely wounded.
The ball python closely misses you. The ball python grabs you.
The ball python constricts you. The orc barely misses you.
The ball python bites you. The ball python constricts you.
The orc hits you with a +0 dagger of venom.
You are poisoned.
The orc hits you but does no damage.
You hit the ball python.
The ball python is severely wounded.
You feel very sick. The ball python closely misses you.
The ball python constricts you. The orc hits you with a +0 whip.
The orc hits you but does no damage.
You are more poisoned.
You closely miss the ball python.
The ball python is severely wounded.
You feel very sick. The ball python closely misses you.
The ball python constricts you. The orc barely misses you.
The orc hits you with a +0 dagger of venom.
You are more poisoned.
The ball python bites you. The ball python constricts you.
You are too injured to fight recklessly!
You escape the ball python's grasp.
* * * LOW HITPOINT WARNING * * *
You feel very sick. The orc misses you. The orc barely misses you.
You climb upwards.
You die...

.........#......#
.......<.####..##
...♣♣♣...# #..#
.....♣♣.#####..#
...♣P.♣♣# #....#
.♣♣.♣.P♣ #.##.######
♣.P...♣♣###.##......#
♣PP≈≈P.♣.##.##..oo..#
♣.≈≈≈≈PP[...#...@...#
♣♣.≈≈PP♣........S...##
#♣.♣P.♣♣#>##.........#
.<♣♣♣♣♣##.##.........#
.## ##....#........#
.## #..##.#........#
..###♣#♣#♣.♣.........#
............##.......#
..###♣.....♣.........#


You could see 2 orcs and a ball python.

Vanquished Creatures
  3 adders (D:2)
  A worm (D:2)
  A dart slug (D:2)
  2 orcs (D:3)
  2 endoplasms
  3 hobgoblins
  3 kobolds (D:1)
  3 quokkas
  4 ball pythons
  2 bats (D:1)
  3 goblins (D:1)
  2 rats
29 creatures vanquished.

Notes
Turn   | Place    | Note
-------+----------+-------------------------------------------
     0 | D:1      | Ajdolov the Draconian Earth Elementalist began the quest
                  | for the Orb.
     0 | D:1      | Reached XP level 1. HP: 14/14 MP: 3/3
    33 | D:1      | Found a faded altar of an unknown god.
   581 | D:1      | Reached XP level 2. HP: 14/20 MP: 5/5
   970 | D:2      | Reached skill level 4 in Earth Magic
  1181 | D:2      | Reached XP level 3. HP: 26/26 MP: 6/6
  1799 | D:2      | Learned a level 3 spell: Stone Arrow
  1809 | D:2      | Succumbed to an orc's poison

Illustrated notes

Levels and vault maps discovered:
D:1:      mrwooster_arrival_statue_2, layout_loops_cross,
          ebering_ecumenical_altar_abandoned
D:2:      layout_rooms, serial_forest, infiniplex_forest_lined_room_2,
          infiniplex_forest_corner_1, infiniplex_forest_pool,
          infiniplex_forest_clump_double, infiniplex_forest_clump_medium,
          infiniplex_forest_end_2, infiniplex_forest_lined_room_2,
          infiniplex_forest_end_2, infiniplex_forest_zigzag_2, st_stairs_4
D:3:      layout_loops_cross, fedhas_altar_2, elyvilon_altar_4, uniq_robin

Skill      XL: |  1  2 |
---------------+-------+-----
Earth Magic    | 4 |  4.8
Dodging        | |  1.7
Stealth        | |  1.7
Spellcasting   | |  2.0
Transmutations | |  1.0

Action                   || total
-------------------------++-------
Melee: Rapier            ||    46
       Tailslap          ||     3
 Cast: Sandblast         ||    11
 Stab: Sleeping          ||     2
Armor: Skin              ||     8
Dodge: Dodged            ||    43

Table legend: (Time is in decaauts)
 A = Elapsed time spent in this place.
 B = Non-inter-level travel time spent in this place.
 C = Inter-level travel time spent in this place.
 D = Time resting spent in this place.
 E = Time spent auto-exploring this place.
 F = Levels seen in this place.
 G = Mean time per level.
                   A        B        C        D        E       F      G
               +--------+--------+--------+--------+--------+-----+--------+
         Total |   1817 |   1771 |     46 |      0 |   1507 |   3 |  605.7 |
       Dungeon |   1817 |   1771 |     46 |      0 |   1507 |   3 |  605.7 |
               +--------+--------+--------+--------+--------+-----+--------+

Top non-repeatable levels by time:
     D:1: 959 daAuts
     D:2: 848 daAuts
     D:3: 10 daAuts
